 Dungeon Crawl Stone Soup version 0.27-a0-1579-g97d2440184 (webtiles) character file.

Game seed: 9343599232017358184

553 mandarbmax the Insei (level 7, 0/43 HPs)
             Began as an Octopode Transmuter on July 18, 2021.
             Succumbed to a water moccasin's poison
             ... on level 5 of the Dungeon.
             The game lasted 00:08:50 (6536 turns).

mandarbmax the Insei (Octopode Transmuter)          Turns: 6536, Time: 00:08:51

Health: 0/43       AC:  1    Str:  9 (10) XL:     7   Next: 29%
Magic:  19/19      EV: 13    Int: 16 (17) God:
Gold:   174        SH:  5    Dex:  9 (12) Spells: 4/10 levels left

rFire    . . .     SeeInvis .     - Unarmed
rCold    . . .     Faith    .   (no shield)
rNeg     . . .     Spirit   .   (helmet restricted)
rPois    .         Reflect  +   u - amulet of reflection
rElec    .         Harm     .   w - ring of magical power
rCorr    .         Rampage  .   (no ring)
Will     .....                  (no ring)
Stlth    ++........             (no ring)
HPRegen  0.14/turn              (no ring)
MPRegen  0.16/turn              (no ring)
                                (no ring)
                                (no ring)

@: brilliant, lethally poisoned (0 -> -9), attractive, flying
A: almost no armour, amphibious, 8 rings, camouflage 1, gelatinous body 1,
(nimble swimmer 1), tentacles
a: no special abilities


You were on level 5 of the Dungeon.
You visited 1 branch of the dungeon, and saw 5 of its levels.

You collected 174 gold pieces.

Inventory:

Missiles
 j - 2 throwing nets
 q - 4 boomerangs of dispersal
Jewellery
 u - an amulet of reflection (around mantle)
 v - an amulet of guardian spirit
 w - a ring of magical power (left tentacle)
Wands
 m - a wand of paralysis (5)
 o - a wand of digging (6)
 t - a wand of iceblast (8)
Scrolls
 c - a scroll of magic mapping {unknown}
 d - a scroll of brand weapon {unknown}
 f - a scroll of immolation {unknown}
 h - a scroll of enchant armour {unknown}
 i - a scroll of identify {unknown}
 k - a scroll of acquirement
 l - a scroll of fog {unknown}
 n - a scroll of fear {unknown}
 p - a scroll of noise {unknown}
 r - a scroll of enchant weapon {unknown}
Potions
 a - a potion of attraction
 s - a potion of flight


   Skills:
 + Level 1.0 Fighting
 - Level 3.6 Dodging
 - Level 6.0 Unarmed Combat
 - Level 2.0 Spellcasting
 - Level 4.0 Transmutations
 - Level 3.0 Poison Magic


You had 4 spell levels left.
You knew the following spells:

 Your Spells              Type           Power      Damage    Failure   Level
a - Beastly Appendage     Tmut           42%        N/A       4%          1
b - Wereblood             Tmut           21%        N/A       6%          2
c - Spider Form           Tmut/Pois      9%         N/A       14%         3

Your spell library contained the following spells:

 Spells                   Type           Power      Damage    Failure   Level
 Animate Skeleton         Necr           4%         N/A       21%         1
 Pain                     Necr           8%         1d4       21%         1
 Vampiric Draining        Necr           1%         2d6       52%         3
 Ice Form                 Ice/Tmut       12%        N/A       65%         4


Dungeon Overview and Level Annotations

Branches:
Dungeon (5/15)
 Temple: D:4-7

Altars:
Elyvilon
Fedhas

Shops:
D:3 (


Innate Abilities, Weirdness & Mutations

You cannot wear most types of armour.
You are amphibious.
You can wear up to eight rings at the same time.
Your skin changes colour to match your surroundings (Stealth+).
Your rubbery body absorbs attacks. (AC +1, EV +1)
((You are camouflaged near water. (Stealth+)))
You have tentacles for arms and can constrict up to eight enemies at once.


Message History

You feel very sick. The water moccasin bites you.
* * * LOW HITPOINT WARNING * * *
You feel better. The water moccasin misses you.
As you read the scroll of teleportation, it crumbles to dust.
You feel strangely unstable. You block the water moccasin's attack.
The water moccasin barely misses you.
Okay, then.
Your surroundings suddenly seem different.
Okay, then.
It was a potion of flight.
You feel very buoyant.
You fly up into the air.
The bullfrog skeleton closely misses you.
It was a potion of attraction.
You feel attractive to monsters. You block the water moccasin's attack.
It was a potion of degeneration.
There was something very wrong with that liquid.
You feel weakened.
You feel dopey.
You feel clumsy. The water moccasin bites you!
* * * LOW HITPOINT WARNING * * *
You are lethally poisoned!
The water moccasin poisons you!
It was a potion of brilliance.
You feel clever all of a sudden.
* * * LOW HITPOINT WARNING * * *
You feel very sick.
The water moccasin barely misses you. x2
Unknown command.
This is a scroll of acquirement!
Something appears before you!
* * * LOW HITPOINT WARNING * * *
You feel sick. The water moccasin closely misses you.
Okay, then.
Okay, then.
You miss the water moccasin. Your grab misses the water moccasin.
You squeeze the water moccasin.
The water moccasin is lightly wounded.
You die...

#############
#......@SZ..#
#.#######...##
######....>#
.......S...#
######.....#
..(...###
##...!...#
#.#####.# #.#
.#


You could see a water moccasin and a bullfrog skeleton.

Vanquished Creatures
  2 phantoms (D:4)
  2 centaur zombies (D:5)
  2 hounds
  An orc priest (D:4)
  A bullfrog skeleton (D:4)
  2 orc wizards (D:4)
  A hound skeleton (D:4)
  3 gnolls (D:4)
  2 adders (D:2)
  A worm (D:3)
  2 dart slugs
  17 orcs
  5 bats
  7 endoplasms (D:1)
  3 giant cockroaches
  7 goblins
  10 hobgoblins
  9 jackals
  6 kobolds
  6 ball pythons
  4 frilled lizards
  4 rats
97 creatures vanquished.

Vanquished Creatures (others)
  3 plants
3 creatures vanquished.

Grand Total: 100 creatures vanquished

Notes
Turn   | Place    | Note
-------+----------+-------------------------------------------
     0 | D:1      | mandarbmax the Octopode Transmuter began the quest for the
                  | Orb.
     0 | D:1      | Reached XP level 1. HP: 13/13 MP: 3/3
    89 | D:1      | Reached XP level 2. HP: 9/18 MP: 1/5
   180 | D:1      | Learned a level 2 spell: Wereblood
   444 | D:1      | Reached skill level 4 in Unarmed Combat
   699 | D:1      | Reached XP level 3. HP: 19/23 MP: 2/6
  1050 | D:1      | Learned a level 3 spell: Spider Form
  1478 | D:2      | Found a white marble altar of Elyvilon.
  1496 | D:2      | Reached skill level 1 in Poison Magic
  2047 | D:2      | Reached XP level 4. HP: 28/28 MP: 3/7
  2648 | D:3      | Found a faded altar of an unknown god.
  2688 | D:3      | Found Moimuh's Antique Weapon Emporium.
  3932 | D:4      | Reached XP level 5. HP: 21/33 MP: 2/8
  4323 | D:4      | Noticed a phantom
  4358 | D:4      | Killed a phantom
  4359 | D:4      | Reached XP level 6. HP: 22/38 MP: 4/9
  4731 | D:4      | Reached skill level 5 in Unarmed Combat
  5160 | D:4      | Found a blossoming altar of Fedhas.
  5403 | D:4      | Reached XP level 7. HP: 16/43 MP: 3/10
  5938 | D:5      | Entered Level 5 of the Dungeon
  6494 | D:5      | Reached skill level 6 in Unarmed Combat
  6521 | D:5      | HP: 2/43 [water moccasin (5)]
  6535 | D:5      | Identified 2 scrolls of acquirement
  6535 | D:5      | Acquired the ring of Birdsong {rPois Will++ rCorr Str+6
                  | Dex-3}
  6535 | D:5      | HP: 2/43 [poisoned by a water moccasin]
  6536 | D:5      | Succumbed to a water moccasin's poison

Illustrated notes

Levels and vault maps discovered:
D:1:      lightli_molten_gateway, layout_rooms, serial_bayou_pond_b,
          minmay_misc_feat_rows
D:2:      layout_basic, basic_altar
D:3:      layout_loops_ring, serial_shops, shop, ebering_ecumenical_altar_hall,
          st_stairs_13
D:4:      layout_basic, fedhas_ov_isle_minmay
D:5:      minmay_spotlight, layout_loops_ring, gammafunk_temple_overflow_pools

Skill      XL: |  1  2  3  4  5  6  7 |
---------------+----------------------+-----
Unarmed Combat | 4 5 6 |  6.0
Poison Magic   | 1 2 3 |  3.0
Transmutations | 3 4 |  4.0
Dodging        | 3 |  3.6
Fighting       | |  1.0
Spellcasting   | |  2.0

Action                   |  1- 3 |  4- 6 |  7- 9 || total
-------------------------+-------+-------+-------++-------
Melee: Unarmed           |    79 |   173 |    28 ||   280
       Kick              |    17 |     6 |       ||    23
       Constrict         |    11 |    13 |       ||    24
       Tentacles         |     2 |     6 |     2 ||    10
       Punch             |     1 |     2 |       ||     3
 Cast: Beastly Appendage |    20 |    10 |       ||    30
       Wereblood         |    13 |    16 |     2 ||    31
       Spider Form       |     3 |    25 |     5 ||    33
  Use: Potion            |       |     3 |     5 ||     8
       Scroll            |       |       |     3 ||     3
 Stab: Sleeping          |     3 |     3 |       ||     6
Armor: Skin              |     2 |    13 |     2 ||    17
Dodge: Dodged            |    53 |   120 |    35 ||   208
Block: Other             |       |       |     8 ||     8

Table legend: (Time is in decaauts)
 A = Elapsed time spent in this place.
 B = Non-inter-level travel time spent in this place.
 C = Inter-level travel time spent in this place.
 D = Time resting spent in this place.
 E = Time spent auto-exploring this place.
 F = Levels seen in this place.
 G = Mean time per level.
                   A        B        C        D        E       F      G
               +--------+--------+--------+--------+--------+-----+--------+
         Total |   6512 |   6391 |    121 |   1700 |   3937 |   5 | 1302.4 |
       Dungeon |   6512 |   6391 |    121 |   1700 |   3937 |   5 | 1302.4 |
               +--------+--------+--------+--------+--------+-----+--------+

Top non-repeatable levels by time:
     D:4: 2140 daAuts
     D:3: 1430 daAuts
     D:1: 1217 daAuts
     D:2: 1129 daAuts
     D:5: 594 daAuts
